Map: Monte Asper

Players

Boethiah - Winner!

  • Race: Protoss Protoss
  • League: Silver

Jhyrachy - Winner!

  • Race: Zerg Zerg
  • League: Gold

IlIlIIllIIIl - Winner!

  • Race: Terran Terran
  • League: Platinum

zelehaist - Winner!

  • Race: Terran Terran
  • League: Platinum

Isaac

  • Race: Protoss Protoss

shandow

  • Race: Protoss Protoss
  • League: Silver

herbert

  • Race: Terran Terran

Hamilcar

  • Race: Zerg Zerg

VOD

Have the link to the VOD?

Description

Time

  • Played on: May 10, 2016, 4:01 p.m.
  • Length: 25:07
Show
View Real Time Build Order
Export as new Build Order

Boethiah Protoss - Winner!

Build Orders:  

Get SALT Encoding   

  12  0:01  Probe (Chrono Boost)  
  13  0:12  Probe (Chrono Boost)  
  14  0:20  Pylon  
  14  0:24  Probe (Chrono Boost)  
  15  0:38  Probe (Chrono Boost)  
  15  0:40  Gateway  
  16  0:56  Assimilator  
  17  0:57  Probe (Chrono Boost)  
  17  1:19  Probe (Chrono Boost)  
  18  1:25  Gateway  
  18  1:30  Cybernetics Core  
  18  1:34  Pylon  
  18  1:50  Probe (Chrono Boost)  
  18  1:51  Zealot  
  21  1:55  Assimilator  
  21  2:00  Probe (Chrono Boost)  
  22  2:07  Warp Gate  
  22  2:11  Probe (Chrono Boost)  
  22  2:23  Zealot x2  
  22  2:25  Mothership Core (Chrono Boost)  
  28  2:42  Pylon  
  28  2:43  Probe (Chrono Boost)  
  29  2:51  Stalker  
  31  3:00  Stalker  
  33  3:37  Stalker x2  
  33  3:38  Probe (Chrono Boost)  
  38  3:47  Robotics Facility  
  37  4:35  Warp Prism  
  39  4:44  Pylon  
  39  4:46  Nexus  
  39  4:51  Pylon  
  39  4:54  Assimilator  
  39  4:58  Assimilator  
  39  5:03  Probe (Chrono Boost)  
  40  5:13  Probe (Chrono Boost)  
  41  5:29  Stalker x2  
  41  5:31  Immortal  
  47  5:55  Stalker x2  
  45  6:26  Stalker x2  
  45  6:47  Stargate  
  45  7:03  Probe (Chrono Boost)  
  45  7:04  Probe (Chrono Boost)  
  47  7:14  Probe x2 (Chrono Boost)  
  49  7:16  Pylon  
  49  7:24  Probe (Chrono Boost)  
  49  7:25  Probe (Chrono Boost)  
  51  7:35  Probe x2 (Chrono Boost)  
  53  7:44  Nexus  
  53  7:46  Probe x2 (Chrono Boost), Pylon, Stalker x2  
  53  7:48  Pylon  
  59  7:52  Assimilator  
  59  7:56  Assimilator, Probe x2 (Chrono Boost)  
  61  8:07  Probe x2 (Chrono Boost)  
  63  8:12  Forge  
  63  8:13  Twilight Council  
  63  8:14  Forge, Pylon  
  63  8:17  Probe x2 (Chrono Boost)  
  65  8:31  Probe x2 (Chrono Boost)  
  67  8:41  Probe (Chrono Boost)  
  67  8:42  Probe (Chrono Boost)  
  67  8:44  Protoss Ground Weapons Level 1  
  67  8:45  Protoss Ground Armor Level 1  
  69  8:52  Probe (Chrono Boost)  
  70  8:58  Blink (Chrono Boost)  
  70  8:59  Probe (Chrono Boost)  
  70  9:00  Probe (Chrono Boost)  
  73  9:02  Probe (Chrono Boost)  
  73  9:10  Probe x2 (Chrono Boost)  
  73  9:13  Probe (Chrono Boost)  
  76  9:21  Probe x2  
  78  9:40  Pylon  
  78  9:44  Observer  
  78  9:45  Photon Cannon  
  79  9:46  Photon Cannon x2  
  79  9:50  Photon Cannon  
  79  9:52  Probe x3  
  82  10:03  Photon Cannon  
  82  10:04  Probe  
  83  10:08  Photon Cannon  
  83  10:11  Probe x2, Photon Cannon  
  85  10:17  Stalker x2  
  89  10:25  Photon Cannon, Pylon  
  89  10:28  Gateway x2  
  89  10:31  Gateway  
  89  10:54  Protoss Ground Weapons Level 2, Protoss Ground Armor Level 2  
  87  11:10  Stalker x2  
  91  11:15  Charge (Chrono Boost)  
  91  11:21  Gateway  
  91  11:22  Gateway  
  91  11:23  Gateway  
  91  11:24  Gateway  
  91  11:28  Gateway  
  91  11:30  Gateway  
  85  11:59  Stalker x2  
  89  12:05  Robotics Bay  
  89  12:23  Stalker x2  
  89  12:24  Stalker x4  
  89  12:25  Stalker x4  
  109  12:53  Protoss Ground Weapons Level 3  
  109  12:54  Protoss Ground Armor Level 3  
  109  13:02  Stalker  
  109  13:03  Stalker x4  
  109  13:04  Stalker x2  
  123  13:10  Pylon  
  123  13:16  Pylon  
  123  13:18  Pylon  
  123  13:20  Fleet Beacon  
  123  13:40  Stalker x3  
  123  13:41  Stalker x3  
  133  13:42  Stalker x3  
  133  13:43  Stalker x2  
  145  14:30  Tempest  
  149  14:40  Pylon  
  149  14:41  Pylon  
  149  14:45  Pylon  
  147  14:47  Pylon  
  147  14:50  Pylon  
  145  15:04  Stalker x3  
  145  15:05  Stalker x4  
  159  15:08  Stalker x2  
  159  15:09  Stalker x2  
  159  15:13  Tempest  
  171  15:59  Tempest  
  171  16:02  Stalker x4  
  171  16:03  Stalker x3  
  189  16:12  Pylon  
  189  16:14  Pylon  
  189  16:15  Pylon  
  147  16:49  Stalker  
  147  16:50  Stalker x5  
  147  16:51  Stalker x4  
  147  16:52  Stalker  
  149  17:45  Tempest  
  153  18:15  Observer (Chrono Boost)  
  153  18:17  Stalker  
  153  18:18  Stalker x3  
  153  18:19  Stalker x2  
  166  18:20  Stalker x4  
  166  18:21  Stalker  
  104  19:18  Stalker  
  104  19:19  Stalker x4  
  104  19:20  Stalker x4  
  104  19:21  Stalker x2  
  126  19:45  Immortal (Chrono Boost)  
  126  20:21  Immortal (Chrono Boost)  
  130  20:22  Stalker x2  
  130  20:23  Stalker x4  
  130  20:24  Stalker x2  
  130  20:25  Stalker x3  
  136  21:22  Stalker x5  
  136  21:23  Stalker x3  
  136  21:24  Stalker  
  154  21:26  Tempest  
  154  21:28  Protoss Air Weapons Level 1  
  154  21:31  Immortal (Chrono Boost)  
  162  22:17  Stalker x4  
  162  22:18  Stalker x4  
  162  22:19  Stalker x3  
  168  23:04  Stalker x2  
  168  23:05  Stalker x4  
  178  23:06  Stalker x2  
  178  23:07  Stalker  
  186  23:19  Nexus  
  186  23:22  Assimilator  
  186  23:25  Assimilator  
Show
View Real Time Build Order
Export as new Build Order

Jhyrachy Zerg - Winner!

Build Orders: Hatch First, Muta Ling Bane 

Get SALT Encoding   

  12  0:02  Drone  
  13  0:10  Drone  
  14  0:17  Overlord  
  14  0:43  Drone x3  
  17  0:56  Drone  
  18  1:03  Hatchery  
  17  1:06  Overlord  
  17  1:09  Extractor  
  16  1:18  Drone  
  17  1:29  Spawning Pool, Drone  
  18  1:40  Drone  
  18  1:52  Drone  
  19  2:03  Drone  
  20  2:18  Spawning Pool, Queen  
  20  2:19  Metabolic Boost  
  21  2:23  Drone x2  
  21  2:24  Zergling x2  
  24  2:31  Queen  
  26  2:52  Extractor, Drone  
  26  2:53  Drone  
  26  2:56  Drone x2  
  26  2:57  Drone  
  30  3:08  Lair  
  30  3:16  Drone x4  
  34  3:20  Extractor  
  34  3:23  Extractor  
  32  3:29  Queen  
  32  3:33  Drone x2  
  36  3:34  Overlord  
  35  4:22  Spire  
  34  4:45  Queen x2  
  38  4:46  Overlord x2  
  38  5:01  Zergling x2  
  38  5:04  Overlord  
  39  5:33  Mutalisk  
  39  5:34  Mutalisk x8  
  39  5:35  Mutalisk  
  45  6:22  Drone  
  45  6:23  Drone x11  
  57  7:20  Zergling x4  
  57  7:21  Zergling x14  
  66  7:28  Baneling Nest  
  65  7:34  Overseer  
  65  7:39  Drone  
  65  7:40  Drone x2  
  68  7:57  Overlord  
  68  7:58  Hatchery, Overlord x2  
  67  8:11  Centrifical Hooks  
  67  8:15  Queen x2  
  67  8:16  Baneling x10  
  67  8:17  Baneling x8  
  71  8:52  Burrow  
  71  9:09  Mutalisk  
  71  9:10  Mutalisk x4  
  71  9:14  Overlord x3  
  81  9:17  Pneumatized Carapace  
  81  10:06  Drone x11  
  81  10:07  Drone x4  
  96  10:12  Overseer  
  96  10:22  Drone  
  96  10:23  Drone  
  96  10:25  Drone x4  
  102  10:35  Extractor  
  102  10:38  Extractor  
  100  10:46  Infestation Pit  
  99  10:51  Evolution Chamber  
  98  10:58  Evolution Chamber  
  98  11:03  Queen x2  
  103  11:07  Overlord x3  
  103  11:30  Hive  
  103  11:32  Zerg Ground Armor Level 1, Zerg Melee Weapons Level 1  
  101  11:41  Corruptor x4  
  101  11:43  Corruptor  
  111  12:12  Overlord x2, Spire  
  111  12:13  Overlord  
  101  13:05  Corruptor x6  
  85  13:06  Corruptor x3  
  85  13:08  Baneling  
  85  13:11  Baneling x11  
  67  13:32  Mutalisk x3  
  67  13:33  Mutalisk x11  
  70  13:58  Greater Spire  
  55  14:39  Queen  
  57  14:47  Hatchery  
  56  15:03  Zerg Flyer Weapons Level 1  
  56  15:04  Zerg Melee Weapons Level 2  
  56  15:13  Drone x2  
  56  15:14  Drone  
  59  15:15  Drone x2  
  59  15:17  Drone  
  62  15:26  Extractor  
  62  15:27  Extractor  
  60  15:39  Brood Lord  
  62  15:58  Brood Lord  
  64  16:33  Brood Lord x2  
  68  17:02  Adrenal Glands  
  68  17:43  Corruptor  
  68  17:44  Corruptor x3  
  68  17:45  Corruptor  
  34  20:23  Mutalisk  
  34  20:24  Mutalisk x10  
  26  22:21  Mutalisk x7  
  26  22:22  Mutalisk  
  42  22:33  Queen  
  44  22:38  Zergling x4  
  46  23:24  Zergling x2  
  46  23:25  Zergling x12  
  53  23:47  Zergling x2  
  53  23:48  Zergling x6  
Show
View Real Time Build Order
Export as new Build Order

IlIlIIllIIIl Terran - Winner!

Build Orders: Command Center First (CC), MMM Bio 

Get SALT Encoding   

  12  0:01  SCV  
  13  0:14  SCV  
  14  0:17  Supply Depot  
  14  0:26  SCV  
  15  0:39  SCV  
  16  1:00  Command Center  
  16  1:03  SCV  
  17  1:08  Refinery  
  17  1:15  SCV  
  18  1:27  SCV  
  19  1:33  Barracks  
  19  1:39  Barracks  
  19  1:44  Refinery  
  20  1:47  SCV  
  20  1:59  SCV  
  21  2:03  Supply Depot  
  21  2:11  SCV  
  21  2:15  SCV  
  23  2:21  Barracks Tech Lab  
  23  2:23  SCV  
  23  2:27  Barracks Reactor  
  24  2:32  SCV  
  25  2:37  Orbital Command  
  25  2:44  SCV  
  26  2:47  Engineering Bay  
  26  2:52  Stimpack  
  26  3:02  SCV  
  27  3:14  SCV  
  27  3:16  SCV  
  29  3:20  Missile Turret  
  29  3:24  Sensor Tower  
  29  3:26  SCV  
  30  3:28  SCV  
  31  3:38  SCV  
  31  3:40  SCV, Engineering Bay  
  33  3:43  Missile Turret  
  33  3:50  Orbital Command  
  33  3:52  SCV  
  34  4:04  SCV, Factory  
  35  4:16  SCV x2  
  37  4:19  Sensor Tower  
  37  4:28  SCV  
  37  4:29  Missile Turret  
  37  4:31  Refinery, SCV  
  39  4:32  Refinery  
  39  4:33  Marine x2  
  39  4:36  Terran Infantry Weapons Level 1  
  41  4:40  SCV  
  41  4:42  Terran Infantry Armor Level 1  
  41  4:43  SCV  
  43  4:54  Marine x2  
  45  5:03  Starport  
  45  5:04  Starport  
  45  5:10  SCV  
  46  5:33  Factory Reactor  
  46  5:36  Combat Shields  
  46  5:56  Liberator x2  
  46  6:13  Marauder  
  46  6:16  Supply Depot  
  46  6:17  Supply Depot x2  
  54  6:19  Supply Depot x2  
  54  6:21  Supply Depot  
  54  6:22  Supply Depot  
  54  6:25  Supply Depot x2  
  54  6:27  Supply Depot  
  54  6:28  Supply Depot  
  54  6:31  Armory  
  54  6:37  Marine x3  
  54  6:38  Barracks  
  57  6:42  Sensor Tower  
  57  6:49  Hi-Sec Auto Tracking  
  57  6:55  Concussive Shells, Marine x3  
  57  6:57  Starport Reactor  
  60  7:01  Missile Turret  
  60  7:02  Starport Reactor  
  60  7:13  Marine x3  
  63  7:18  Barracks  
  63  7:20  Missile Turret, Barracks  
  63  7:29  Liberator x4  
  63  7:38  Marine x3  
  60  7:49  Terran Infantry Weapons Level 2  
  72  7:52  Terran Infantry Armor Level 2  
  72  7:55  Marine  
  72  7:56  Marine x2  
  75  8:01  Barracks Reactor  
  75  8:05  Barracks Reactor  
  75  8:06  Barracks Tech Lab  
  75  8:13  Marine x3  
  78  8:30  Orbital Command  
  78  8:31  Marine x3  
  76  8:49  Marine x3  
  76  8:53  Marine x3  
  76  8:54  Marine x2  
  84  8:58  Terran Ship Weapons Level 1  
  84  9:07  Marine x3  
  84  9:09  Medivac x2  
  91  9:10  Medivac x2  
  91  9:11  Marine x4  
  91  9:12  Marine  
  100  9:24  Marine  
  100  9:25  Marine x2  
  100  9:29  Marine x2  
  92  9:36  Marauder, Marine x2  
  96  9:43  Marauder  
  98  9:46  Liberator x2  
  98  9:54  Marine x6  
  98  9:57  Marauder  
  106  10:04  Marauder, Medivac  
  106  10:07  Medivac  
  118  10:19  Marauder  
  120  10:29  Marine  
  120  10:30  Marine x6  
  127  10:39  Marine  
  125  10:47  Marine x3  
  125  10:48  Marine  
  122  11:07  Liberator  
  119  11:16  Marine x3  
  119  11:17  Marauder x2, Marine x3  
  126  11:34  Marine x5  
  126  11:35  Marine  
  126  11:38  Marauder x2  
  103  11:54  Marine x3  
  103  11:55  Marine x3  
  103  11:59  Marauder  
  103  12:00  Marauder  
  113  12:12  Marine x5  
  118  12:19  Marine  
  118  12:20  Marine  
  118  12:21  Marauder  
  122  12:25  Command Center  
  122  12:28  Sensor Tower  
  122  12:30  Marine x2  
  124  12:47  Marine x3  
  127  12:57  Marine x5  
  132  13:04  Marine  
  85  13:28  Marine x3  
  85  13:29  Marine x5  
  93  13:46  Marine x5  
  93  13:47  Marine x3  
  101  13:51  Liberator x3  
  101  13:52  Liberator  
  101  13:57  Refinery  
  101  13:59  Refinery  
  101  14:01  Missile Turret  
  101  14:04  Marine x6  
  101  14:05  Marine  
  120  14:42  Marine x2  
  120  14:43  Marine x6  
  128  14:51  Medivac x3  
  128  14:52  Medivac  
  136  15:00  Marine x4  
  136  15:01  Marine x4  
  136  15:04  Liberator x3  
  144  15:11  Liberator  
  144  15:18  Marine  
  145  15:22  Marine x3  
  157  15:28  Marine x4  
  164  15:36  Marine  
  164  15:39  Marine x2  
  164  15:40  Marine  
  168  15:46  Marine x4  
  172  15:54  Marine  
  173  15:57  Marine x2  
  173  15:58  Marine  
  176  16:04  Marauder, Marine  
  179  16:12  Marine x2  
  181  16:20  Supply Depot  
  181  16:21  Supply Depot  
  181  16:23  Supply Depot  
  181  16:33  Marine  
  181  16:35  Marine  
  181  16:41  Marine x2  
  181  16:42  Marauder x2  
  170  17:03  Marauder  
  172  17:21  Marine x3  
  172  17:22  Marine x4  
  179  17:24  Marine  
  180  17:39  Marine x7  
  180  17:42  Marine  
  188  17:50  Command Center  
  188  17:57  Marine  
  101  18:09  Marine  
  101  18:10  Marauder  
Show
View Real Time Build Order
Export as new Build Order

zelehaist Terran - Winner!

Build Orders:  

Get SALT Encoding   

  12  0:02  SCV  
  13  0:14  SCV  
  14  0:26  SCV, Supply Depot  
  15  0:48  SCV  
  15  0:49  Barracks  
  16  1:00  SCV  
  17  1:10  Refinery  
  17  1:12  SCV  
  18  1:20  Refinery  
  18  1:24  SCV  
  19  1:36  SCV  
  19  1:39  Marine  
  21  1:48  SCV  
  21  1:49  Supply Depot  
  22  2:04  Marine  
  23  2:09  Supply Depot  
  23  2:16  SCV  
  23  2:17  Factory  
  24  2:28  SCV  
  25  2:40  SCV, Supply Depot  
  26  2:46  Factory  
  26  2:50  Factory  
  26  2:54  SCV  
  27  3:02  Factory Tech Lab  
  27  3:07  SCV  
  28  3:16  Armory  
  28  3:17  Supply Depot  
  28  3:19  SCV  
  29  3:40  Command Center  
  29  3:47  Factory Tech Lab x2  
  29  3:59  Orbital Command  
  29  4:15  Thor  
  35  4:35  Thor  
  41  4:48  Refinery  
  41  4:53  Orbital Command  
  41  5:07  Thor  
  47  5:20  Refinery  
  47  5:21  SCV x2  
  49  5:28  Terran Vehicle Weapons Level 1  
  49  5:33  SCV  
  50  5:43  Thor  
  50  5:48  SCV  
  50  5:49  SCV  
  58  6:00  Supply Depot  
  58  6:01  SCV x2  
  60  6:06  Thor  
  66  6:13  SCV x2  
  68  6:23  Thor  
  74  6:27  SCV x2  
  76  6:38  Supply Depot  
  76  6:39  SCV x2  
  78  6:41  Supply Depot  
  78  6:43  Armory  
  78  6:59  Thor, SCV x2  
  86  7:03  Supply Depot  
  86  7:05  Supply Depot  
  86  7:22  Terran Vehicle Weapons Level 2  
  86  7:28  SCV x2  
  86  7:29  Thor  
  94  7:34  Terran Vehicle And Ship Armor Level 1  
  94  7:54  Thor  
  94  7:56  SCV  
  94  7:57  SCV  
  102  8:08  SCV  
  103  8:13  Thor  
  109  8:50  Command Center  
  109  9:08  Supply Depot x2  
  109  9:09  Supply Depot  
  109  9:10  Supply Depot  
  109  9:30  Thor x2  
  121  9:37  Thor  
  127  9:41  SCV x2  
  129  9:48  Terran Vehicle Weapons Level 3  
  129  9:53  SCV x2  
  129  9:59  Supply Depot  
  131  10:00  Supply Depot x2  
  131  10:04  Refinery, Terran Vehicle And Ship Armor Level 2  
  131  10:05  SCV  
  132  10:13  Thor  
  137  10:25  Supply Depot  
  130  10:30  Refinery, Thor  
  84  10:44  Thor  
  72  11:27  Thor  
  72  11:33  Thor  
  72  11:42  Orbital Command  
  72  11:45  Thor  
  78  12:09  Thor  
  84  12:16  Thor  
  84  12:18  Marine  
  91  12:30  Terran Vehicle And Ship Armor Level 3, Barracks  
  91  12:31  Barracks  
  91  12:34  Thor, Barracks  
  91  12:36  Barracks  
  98  12:53  Barracks Tech Lab  
  97  13:01  Thor x2  
  109  13:14  Stimpack  
  109  13:15  Marine  
  109  13:17  Marine  
  111  13:25  Thor  
  117  13:33  Marine  
  99  13:56  Thor  
  99  13:57  Thor  
  105  14:08  Thor  
  111  14:23  Marine  
  112  14:24  Marine x4  
  116  14:39  Thor  
  116  14:41  Marine  
  116  14:42  Marine x4  
  121  14:59  Marine x3  
  122  15:00  Marine x2  
  126  15:15  Thor x2  
  126  15:17  Marine x5  
  143  15:22  Thor  
  149  15:35  Marine x5  
  150  15:39  Combat Shields  
  154  15:52  Marine  
  154  15:53  Marine x4  
  159  16:10  Marine  
  159  16:11  Marine x4  
  164  16:28  Marine  
  164  16:29  Marine x4  
  141  16:46  Marine x5  
  114  16:54  Thor x3  
  74  17:04  Marine x5  
  79  17:21  Marine  
  79  17:22  Marine x4  
  84  17:37  Thor x3  
  84  17:39  Marine  
  84  17:40  Marine x4  
  107  17:57  Marine  
  107  17:58  Marine x4  
  112  18:15  Marine x4  
  112  18:16  Marine  
  112  18:19  Thor  
  114  18:20  Thor  
  88  19:13  Thor  
  88  19:15  Barracks Tech Lab  
  88  19:16  Barracks Tech Lab  
  88  19:17  Marine x3  
  88  19:19  Factory Tech Lab x2  
  96  19:49  Marauder x3  
  96  19:50  Marine  
  98  19:56  Thor  
  104  20:10  Marauder  
  104  20:11  Marauder x2  
  96  20:32  Marauder x3  
  75  20:39  Thor  
  75  20:41  Thor x2  
  79  20:53  Marauder x2  
  79  20:54  Marauder, Marine x2  
  83  21:11  Marine  
  83  21:12  Marine  
  83  21:14  Marine x3  
  88  21:22  Thor  
  94  21:30  Thor  
  54  22:33  Thor x2  
  64  22:44  Thor  
  70  24:01  Thor  
  76  24:21  Thor  
Show
View Real Time Build Order
Export as new Build Order

Isaac Protoss 

Build Orders: 1 Gate Expand 

Get SALT Encoding   

  12  0:01  Probe (Chrono Boost)  
  13  0:12  Probe (Chrono Boost)  
  14  0:23  Probe (Chrono Boost)  
  14  0:27  Pylon  
  15  0:45  Probe (Chrono Boost)  
  16  0:51  Gateway  
  16  0:56  Probe (Chrono Boost)  
  17  1:06  Probe (Chrono Boost)  
  17  1:11  Assimilator  
  18  1:17  Probe (Chrono Boost)  
  19  1:25  Nexus  
  19  1:32  Assimilator  
  19  1:36  Probe (Chrono Boost)  
  20  1:48  Cybernetics Core  
  20  1:55  Probe (Chrono Boost)  
  21  2:06  Probe (Chrono Boost)  
  22  2:12  Pylon  
  22  2:24  Pylon  
  22  2:30  Zealot  
  22  2:34  Probe (Chrono Boost), Pylon  
  25  2:42  Probe (Chrono Boost)  
  25  2:44  Forge  
  26  2:45  Mothership Core (Chrono Boost)  
  26  2:51  Pylon  
  28  3:02  Probe (Chrono Boost)  
  28  3:03  Probe (Chrono Boost), Pylon  
  30  3:13  Probe (Chrono Boost)  
  30  3:18  Assimilator  
  31  3:23  Assimilator  
  31  3:29  Stargate  
  31  3:30  Stargate  
  31  3:32  Probe (Chrono Boost)  
  32  3:35  Probe (Chrono Boost)  
  32  3:40  Warp Gate  
  33  4:02  Pylon  
  33  4:03  Probe x2 (Chrono Boost)  
  33  4:04  Pylon  
  35  4:14  Probe x2 (Chrono Boost), Oracle x2  
  44  4:24  Probe x2 (Chrono Boost)  
  45  4:35  Probe x2 (Chrono Boost)  
  47  4:41  Nexus  
  47  4:57  Void Ray  
  47  4:59  Void Ray  
  55  5:16  Probe x2 (Chrono Boost)  
  57  5:27  Probe x2 (Chrono Boost)  
  59  5:29  Pylon  
  59  5:33  Assimilator  
  59  5:34  Protoss Air Weapons Level 1  
  59  5:37  Assimilator, Probe x2 (Chrono Boost)  
  61  5:48  Probe x2 (Chrono Boost)  
  57  6:14  Void Ray x2  
  63  6:35  Photon Cannon  
  63  6:38  Photon Cannon  
  63  6:43  Stargate  
  63  6:44  Stargate  
  63  6:46  Pylon  
  63  6:57  Phoenix x2  
  63  7:00  Probe x2 (Chrono Boost)  
  69  7:02  Probe (Chrono Boost)  
  70  7:10  Probe (Chrono Boost)  
  71  7:25  Protoss Shields Level 1  
  71  7:29  Protoss Air Armor Level 1 (Chrono Boost)  
  71  7:35  Mothership Core  
  71  7:37  Probe  
  71  7:38  Probe  
  71  7:39  Fleet Beacon  
  75  7:48  Void Ray x2  
  83  7:58  Probe x2  
  83  7:59  Probe  
  83  8:01  Void Ray  
  83  8:02  Void Ray  
  82  9:08  Carrier x3  
  82  9:09  Carrier  
  106  9:12  Graviton Catapult  
  112  9:40  Probe  
  112  9:41  Probe  
  112  9:42  Probe  
  115  9:51  Probe  
  115  9:54  Probe  
  115  9:55  Protoss Air Weapons Level 2 (Chrono Boost)  
  117  10:34  Carrier  
  123  10:43  Carrier  
  123  10:45  Carrier  
  123  10:47  Carrier  
  125  12:12  Protoss Air Weapons Level 3 (Chrono Boost)  
  125  12:52  Pylon  
  125  12:53  Pylon  
  125  12:55  Pylon  
  125  12:57  Pylon  
  125  13:02  Pylon  
  125  13:03  Carrier (Chrono Boost)  
  125  13:04  Pylon  
  123  13:07  Carrier (Chrono Boost)  
  123  13:09  Carrier (Chrono Boost)  
  129  13:18  Carrier (Chrono Boost)  
  117  14:10  Nexus  
  117  14:23  Carrier (Chrono Boost)  
  123  14:27  Pylon, Carrier (Chrono Boost)  
  123  14:29  Carrier (Chrono Boost)  
  123  14:30  Pylon  
  135  14:33  Mothership Core  
  135  14:35  Assimilator  
  143  14:39  Assimilator  
  143  14:48  Carrier (Chrono Boost)  
  143  14:50  Nexus  
  143  15:18  Photon Cannon  
  143  15:19  Photon Cannon  
  143  15:21  Pylon  
  143  15:31  Stargate  
  143  15:33  Stargate  
  143  15:37  Protoss Air Armor Level 2  
  143  15:38  Carrier (Chrono Boost)  
  143  15:41  Carrier (Chrono Boost)  
  161  15:43  Carrier (Chrono Boost)  
  173  16:14  Carrier (Chrono Boost)  
  167  16:52  Tempest (Chrono Boost)  
  165  16:55  Tempest (Chrono Boost)  
  165  16:57  Tempest (Chrono Boost)  
  181  17:12  Tempest (Chrono Boost)  
  181  17:13  Tempest (Chrono Boost)  
  181  17:29  Tempest (Chrono Boost)  
  189  17:32  Tempest (Chrono Boost)  
  189  17:33  Tempest (Chrono Boost)  
  189  17:34  Tempest (Chrono Boost)  
  197  17:50  Assimilator  
  96  19:27  Carrier x3 (Chrono Boost)  
  96  19:30  Zealot  
  128  19:36  Assimilator  
  128  19:38  Carrier x2 (Chrono Boost)  
  126  20:42  Carrier x3 (Chrono Boost)  
  124  21:25  Tempest x2 (Chrono Boost)  
  132  21:26  Mothership Core  
  138  21:52  Tempest (Chrono Boost)  
  108  22:51  Carrier (Chrono Boost)  
Show
View Real Time Build Order
Export as new Build Order

shandow Protoss 

Build Orders:  

Get SALT Encoding   

  12  0:02  Probe (Chrono Boost)  
  13  0:12  Probe (Chrono Boost)  
  14  0:25  Pylon  
  14  0:28  Probe (Chrono Boost)  
  15  0:44  Probe (Chrono Boost)  
  15  0:45  Gateway  
  16  0:54  Probe (Chrono Boost)  
  16  0:56  Pylon  
  17  1:04  Assimilator  
  17  1:05  Probe (Chrono Boost)  
  18  1:15  Probe (Chrono Boost)  
  19  1:24  Forge  
  19  1:26  Probe (Chrono Boost)  
  20  1:36  Cybernetics Core, Probe (Chrono Boost)  
  20  1:38  Zealot  
  23  1:51  Probe (Chrono Boost)  
  24  2:00  Photon Cannon  
  24  2:03  Photon Cannon  
  24  2:09  Zealot  
  26  2:20  Assimilator  
  26  2:22  Protoss Ground Weapons Level 1  
  26  2:48  Nexus  
  26  3:07  Zealot  
  28  3:18  Probe (Chrono Boost)  
  29  3:21  Warp Gate (Chrono Boost)  
  29  3:29  Probe  
  29  3:36  Pylon  
  29  3:38  Gateway  
  29  3:39  Gateway  
  29  3:41  Probe  
  30  3:50  Photon Cannon  
  30  3:55  Probe  
  30  4:01  Probe  
  31  4:07  Probe  
  32  4:11  Probe  
  32  4:12  Pylon  
  33  4:26  Probe  
  33  4:27  Probe  
  35  4:35  Protoss Ground Armor Level 1 (Chrono Boost)  
  35  4:37  Probe  
  35  4:40  Probe  
  37  4:47  Zealot x3  
  43  4:54  Probe x2  
  45  5:05  Pylon  
  45  5:06  Probe x2  
  47  5:14  Pylon  
  47  5:18  Probe x2  
  49  5:21  Pylon  
  49  5:30  Probe  
  49  5:31  Gateway  
  49  5:33  Gateway  
  50  5:46  Robotics Facility  
  50  5:49  Pylon  
  50  5:51  Pylon  
  50  6:22  Twilight Council  
  50  6:32  Photon Cannon x2  
  50  6:33  Photon Cannon  
  50  6:45  Photon Cannon  
  50  6:47  Photon Cannon  
  50  6:50  Photon Cannon x2  
  50  6:51  Assimilator  
  50  6:52  Probe  
  50  6:53  Probe  
  52  6:54  Protoss Shields Level 1 (Chrono Boost)  
  52  6:55  Assimilator  
  52  6:57  Stalker x3  
  52  6:58  Stalker  
  60  7:03  Blink (Chrono Boost)  
  60  7:05  Probe  
  59  7:18  Stalker  
  61  7:23  Stalker  
  61  7:24  Stalker x2  
  61  7:29  Stalker  
  69  7:35  Observer  
  70  7:48  Nexus  
  70  7:58  Stalker x2  
  70  7:59  Stalker  
  70  8:01  Stalker  
  78  8:22  Stalker  
  78  8:23  Stalker x2  
  78  8:25  Stalker  
  78  8:26  Stalker  
  88  8:29  Protoss Ground Weapons Level 2  
  88  8:51  Pylon  
  88  8:52  Pylon  
  88  9:01  Gateway  
  88  9:03  Gateway  
  88  9:05  Gateway  
  88  9:08  Gateway  
  88  9:17  Pylon  
  88  9:18  Pylon  
  88  9:20  Pylon  
  58  9:54  Robotics Bay  
  58  10:02  Probe  
  59  10:07  Assimilator  
  59  10:11  Assimilator  
  59  10:14  Probe  
  60  10:17  Photon Cannon  
  60  10:19  Photon Cannon  
  60  10:21  Photon Cannon  
  54  10:23  Photon Cannon, Stalker x3  
  54  10:24  Stalker x2  
  54  10:25  Photon Cannon, Stalker  
  54  10:26  Probe, Photon Cannon  
  63  10:30  Photon Cannon  
  63  10:38  Probe  
  54  10:47  Adept x2  
  54  10:48  Adept x4  
  54  10:49  Adept x2  
  62  10:50  Probe  
  44  11:16  Stalker x5  
  44  11:17  Stalker  
  38  11:51  Adept x2  
  38  11:52  Adept x3  
  38  11:53  Adept x2  
  52  11:57  Sentry x2  
  56  12:02  Mothership Core  
  58  12:17  Pylon  
  58  12:20  Pylon  
  58  12:32  Charge (Chrono Boost)  
  36  12:37  Colossus (Chrono Boost)  
  41  13:17  Zealot  
  41  13:18  Zealot x3  
  41  13:19  Zealot x3  
  55  13:22  Zealot  
  57  13:42  Colossus (Chrono Boost)  
  63  14:06  Stalker x2  
  63  14:09  Stalker  
  69  14:34  Stalker  
  69  14:35  Stalker  
  69  14:38  Stalker  
  57  14:59  Sentry  
  59  15:00  Sentry x4  
  59  15:01  Sentry  
  69  15:45  Dark Shrine  
  69  16:02  Nexus  
  69  16:10  Stalker x2  
  69  16:11  Stalker  
  75  17:07  Stalker x3  
  75  17:08  Stalker  
  83  17:09  Stalker x2  
  83  17:10  Stalker x2  
  85  17:38  Dark Templar x3  
  85  17:39  Dark Templar  
  89  17:44  Dark Templar  
  55  18:19  Stalker x2  
  53  18:23  Stalker  
  47  19:11  Stalker x2  
  31  19:43  Stalker  
  31  19:44  Stalker  
  24  20:18  Dark Templar  
  17  21:07  Zealot  
  17  21:08  Zealot x2  
Show
View Real Time Build Order
Export as new Build Order

herbert Terran 

Build Orders:  

Get SALT Encoding   

  12  0:01  SCV  
  14  0:50  SCV  
  14  0:52  Supply Depot  
  14  0:57  Supply Depot  
  14  1:02  SCV  
  15  1:17  Barracks  
  15  1:21  Barracks  
  15  1:29  Barracks  
  15  1:31  SCV  
  16  1:51  SCV  
  17  2:11  Command Center  
  17  2:12  Refinery  
  17  2:14  Refinery  
  17  2:22  Orbital Command  
  17  2:28  Refinery  
  17  2:32  Marine  
  17  2:35  Marine  
  17  2:36  Refinery  
  19  2:38  Marine  
  20  2:53  SCV  
  20  2:55  Barracks Tech Lab  
  21  2:59  Marine x2  
  21  3:05  SCV  
  24  3:17  SCV  
  25  3:20  Barracks Reactor  
  25  3:21  Barracks Reactor  
  25  3:29  Concussive Shells  
  25  3:31  SCV  
  28  3:41  Marauder  
  28  3:44  SCV  
  28  3:46  SCV  
  30  4:05  Marine x3  
  30  4:06  Marine x2  
  35  4:16  Orbital Command  
  35  4:18  SCV  
  35  4:23  Factory  
  36  4:49  Marine  
  36  4:50  Marine x2  
  36  4:51  Marine  
  36  4:52  Marauder  
  42  4:54  SCV x2  
  42  4:55  Stimpack  
  42  4:59  Engineering Bay  
  44  5:06  SCV x2  
  46  5:13  Factory Tech Lab  
  46  5:14  Starport  
  46  5:25  Starport  
  46  5:35  Missile Turret  
  46  6:13  Missile Turret, Starport Reactor  
  46  6:21  Missile Turret, Starport Reactor  
  46  6:28  Missile Turret  
  46  6:35  Marine x3, SCV x2  
  50  6:47  SCV x2  
  52  6:57  Liberator  
  52  6:59  Liberator  
  52  7:04  Missile Turret  
  52  7:08  Missile Turret  
  52  7:13  Medivac  
  52  7:14  Medivac  
  59  7:21  Missile Turret  
  62  7:23  Supply Depot  
  62  7:42  Supply Depot  
  62  7:45  Marine x5, SCV  
  68  7:57  SCV  
  69  8:09  SCV  
  69  8:11  Sensor Tower  
  70  8:14  Marine  
  70  8:15  Marine x3  
  70  8:16  Marauder  
  76  8:24  Command Center  
  76  8:25  Liberator  
  76  8:32  Marine x2  
  78  8:42  Marine x3  
  78  8:43  Supply Depot  
  78  8:44  Supply Depot  
  78  8:47  Liberator  
  84  8:48  Supply Depot  
  84  9:00  Marauder  
  86  9:06  Liberator  
  89  9:18  Marine  
  89  9:19  Marine x3  
  89  9:21  Marine  
  89  9:22  Siege Tank  
  89  9:23  Medivac  
  102  9:30  Liberator  
  102  9:32  Medivac  
  102  9:36  Terran Infantry Weapons Level 1, Marine x2  
  102  9:37  Marine x2  
  108  9:39  Marine  
  108  9:40  Planetary Fortress  
  112  9:54  Marine x3  
  112  9:55  Marine  
  112  9:57  Marauder  
  118  10:04  Siege Tank  
  121  10:12  Marine x3  
  124  10:27  Marauder  
  64  10:49  Marauder  
  50  11:00  Marine x2  
  50  11:01  Liberator, Marine x2  
  50  11:03  Medivac x2  
  58  11:10  Marauder  
  57  11:16  Liberator  
  57  11:18  Marine x4, Medivac  
  58  11:32  Marauder  
  54  11:33  Medivac  
  54  11:34  Siege Tank  
  54  11:36  Marine x4  
  61  11:48  Medivac  
  61  11:53  Marauder, Marine  
  61  11:54  Marine x3  
  59  11:59  SCV  
  59  12:00  SCV x2  
  64  12:04  Combat Shields  
  64  12:07  Terran Infantry Armor Level 1  
  64  12:08  Armory  
  64  12:11  Marine x2  
  64  12:12  Marine x2  
  64  12:13  Refinery  
  64  12:14  Marauder  
  70  12:17  Refinery  
  70  12:22  Barracks  
  70  12:29  Marine x2  
  72  12:36  Marauder  
  74  12:57  Marauder  
  76  13:05  Marine x3  
  77  13:06  Marine  
  78  13:18  Marauder  
  80  13:23  Marine x4  
  73  13:40  Marauder  
  72  13:42  Marine x5  
  72  13:44  Medivac x2  
  72  13:45  Medivac  
  83  13:59  Marine  
  83  14:00  Marine x4  
  83  14:01  Marauder  
  79  14:07  Medivac  
  59  14:17  Marine x2  
  59  14:18  Marine x3  
  59  14:23  Marauder  
  62  14:36  Marine x3  
  62  14:37  Marine x2  
  67  14:44  Marauder  
  41  15:05  Marauder  
  41  15:08  Marine x4  
  41  15:09  Marine  
  41  15:26  Marine  
  41  15:27  Marauder  
  44  15:30  Medivac x2  
  44  15:31  Marine x4  
  53  15:43  Marine  
  53  15:48  Marauder, Marine  
  53  15:49  Marine x3  
  59  15:57  Medivac  
  59  16:01  Marine  
  62  16:06  Marine x2  
  62  16:07  Marine x2  
  62  16:09  Marine  
  65  16:27  Marauder  
  65  16:34  Marine x3  
  65  16:35  Marine  
  61  16:45  Marine  
  52  16:49  Marauder  
  48  16:54  Marine  
  48  16:55  Marine  
  34  17:16  Marine x2  
  34  17:17  Marine  
  37  17:27  Marine x2  
  39  17:56  Marine x4  
  39  17:57  Marine x2  
  45  18:15  Marauder  
  47  18:22  Marine x3  
  47  18:23  Marine x2  
  50  18:36  Marine  
  50  18:40  Marine x4  
  50  18:41  Marine  
  56  18:54  Marauder  
  55  18:58  Marine x3  
  45  19:12  Marine x2  
  45  19:16  Marauder  
  45  19:37  Marauder  
  47  19:50  Marine x3  
  46  20:47  Marine x5  
  46  20:48  Marine  
  46  20:49  Viking, Medivac  
  54  21:06  Marauder  
  38  21:13  Marine x2  
  38  21:14  Marine x3  
  40  21:27  Marine  
  40  21:31  Marine  
  36  21:42  Marine x4  
  34  22:53  Missile Turret  
  34  22:56  Marine  
  34  22:57  Marine x5  
  39  23:04  Missile Turret  
  37  23:14  Marine x2  
  37  23:15  Marine  
  40  23:26  Medivac  
  42  23:27  Medivac  
  44  23:35  Missile Turret  
Show
View Real Time Build Order
Export as new Build Order

Hamilcar Zerg 

Build Orders: Pool First 

Get SALT Encoding   

  12  0:04  Drone  
  13  0:12  Drone  
  14  0:31  Extractor  
  14  0:34  Spawning Pool, Drone  
  13  0:42  Overlord  
  13  0:52  Drone  
  14  1:06  Drone x2  
  14  1:07  Evolution Chamber  
  15  1:19  Drone x2  
  17  1:28  Drone  
  18  1:41  Drone  
  18  1:45  Extractor  
  18  1:58  Zergling x2  
  19  2:04  Drone  
  20  2:13  Hatchery  
  19  2:18  Drone  
  19  2:21  Lair  
  20  2:29  Drone  
  21  2:38  Drone  
  22  2:46  Overlord  
  22  3:08  Spore Crawler  
  22  3:10  Drone x2, Spine Crawler  
  22  3:21  Queen  
  22  3:24  Spire  
  22  3:36  Queen  
  24  3:50  Drone  
  24  3:52  Drone  
  26  4:10  Spore Crawler  
  24  4:20  Spore Crawler  
  24  4:22  Spore Crawler  
  24  4:23  Drone  
  23  4:26  Drone  
  24  4:32  Overseer  
  24  4:38  Drone x2  
  26  4:48  Drone  
  27  4:56  Spine Crawler  
  27  4:58  Spine Crawler  
  25  5:01  Drone  
  25  5:02  Spore Crawler  
  25  5:08  Zerg Flyer Weapons Level 1  
  25  5:15  Mutalisk  
  25  5:19  Mutalisk  
  29  5:25  Mutalisk  
  31  5:32  Mutalisk  
  33  5:37  Mutalisk  
  35  5:51  Spine Crawler  
  35  5:57  Spine Crawler  
  28  6:07  Mutalisk x2  
  32  6:23  Spore Crawler, Spine Crawler  
  30  6:30  Drone x2  
  32  6:43  Drone x2  
  34  6:57  Drone  
  34  7:00  Overseer  
  35  7:13  Overlord  
  35  7:25  Zerg Flyer Armor Level 1  
  35  7:31  Queen  
  37  7:46  Mutalisk x3  
  37  7:51  Spore Crawler  
  42  8:00  Spore Crawler  
  41  8:21  Hatchery  
  40  8:43  Mutalisk  
  40  8:44  Overlord x2  
  42  9:03  Drone x2  
  42  9:05  Infestation Pit  
  43  9:12  Overlord  
  43  9:17  Drone  
  44  9:24  Drone x2  
  46  9:42  Spore Crawler  
  46  9:43  Drone x3  
  48  9:55  Drone  
  48  9:56  Drone x6  
  48  9:57  Drone x5  
  48  9:58  Drone  
  61  10:10  Hive  
  61  10:36  Extractor  
  61  10:37  Overlord x2  
  61  10:39  Extractor  
  59  10:43  Zerg Ground Armor Level 1  
  59  10:45  Evolution Chamber  
  58  10:52  Drone  
  58  10:53  Drone x10  
  58  10:54  Drone x4  
  73  10:59  Extractor x2  
  71  11:24  Mutalisk  
  71  11:25  Mutalisk x4  
  79  11:42  Drone x3  
  82  12:00  Drone x2  
  82  12:01  Drone  
  85  12:07  Drone x4  
  85  12:08  Overlord x3  
  89  12:18  Zerg Melee Weapons Level 1  
  89  12:26  Extractor  
  89  12:27  Extractor  
  87  12:35  Drone x5  
  87  12:36  Drone x3  
  91  13:31  Ultralisk Cavern  
  65  14:17  Drone x6  
  65  14:18  Overlord  
  65  14:19  Overlord x4  
  70  14:29  Zerg Melee Weapons Level 2  
  70  14:31  Zerg Ground Armor Level 2  
  70  14:32  Chitinous Plating  
  70  14:34  Ultralisk x4  
  70  14:36  Queen  
  70  14:37  Overseer  
  96  14:48  Ultralisk  
  102  14:54  Spore Crawler  
  102  14:55  Spore Crawler, Spine Crawler x2  
  98  15:00  Ultralisk  
  98  15:04  Ultralisk x3  
  122  15:11  Ultralisk x4  
  146  15:29  Overlord  
  146  15:32  Overlord x3  
  146  15:37  Overlord x4  
  146  15:42  Spore Crawler  
  145  15:43  Spore Crawler  
  145  15:44  Spore Crawler  
  145  15:46  Spine Crawler  
  142  15:56  Ultralisk  
  148  16:08  Spore Crawler  
  148  16:09  Spore Crawler  
  146  16:14  Ultralisk x4  
  164  16:45  Ultralisk x3  
  164  16:46  Ultralisk  
  116  17:08  Spine Crawler  
  116  17:09  Spine Crawler  
  116  17:12  Viper, Spine Crawler  
  116  17:13  Viper  
  116  17:14  Spine Crawler  
  109  17:33  Zerg Melee Weapons Level 3  
  109  17:43  Zerg Ground Armor Level 3  
  79  18:10  Ultralisk  
  79  18:11  Ultralisk x2  
  73  18:20  Drone x3  
  73  18:21  Drone x4, Extractor  
  79  18:31  Extractor  
  79  18:33  Ultralisk  
  84  18:39  Spine Crawler x2  
  82  18:42  Spine Crawler  
  82  18:43  Spine Crawler x2  
  82  18:44  Spine Crawler  
  82  18:45  Spine Crawler  
  77  18:50  Spine Crawler  
  77  18:52  Ultralisk  
  82  19:05  Ultralisk  
  88  19:34  Hatchery  
  88  19:35  Extractor x2  
  85  19:54  Viper x3  
  94  20:03  Drone x7  
  94  20:04  Drone x7  
  108  20:20  Ultralisk  
  77  20:44  Hatchery  
  77  20:46  Ultralisk x2  
  74  21:06  Ultralisk x2  
  86  21:19  Ultralisk  
  86  21:21  Zerg Missile Weapons Level 1  
  86  22:08  Overseer x2  
  56  22:21  Overseer x5  
Tags
 
Add a new tag
Caveats
  • Supply blocks, unpowered buildings, or Contaminate may cause inaccurate times.
  • Supply counts are checked every 10 seconds.